 Dungeon Crawl Stone Soup version 0.22.1-2-g9c5b331 (webtiles) character file.

6645 Goblin1989 the Covert (level 11, -15/74 HPs)
             Began as an Octopode Assassin on Dec 19, 2018.
             Was an Initiate of Gozag.
             Demolished by Gastronok (34 damage)
             ... on level 10 of the Dungeon on Dec 21, 2018.
             The game lasted 00:43:47 (10834 turns).

Goblin1989 the Covert (Octopode Assassin)          Turns: 10834, Time: 00:43:48

Health: -15/74     AC:  1    Str: 11    XL:     11   Next: 2%
Magic:  6/13       EV: 22    Int: 19    God:    Gozag
Gold:   529        SH:  7    Dex: 16    Spells: 8/10 levels left

rFire    . . .     SeeInvis .   b - +4 scimitar (flame)
rCold    . . .     Gourm    .   h - +2 buckler {reflect}
rNeg     + + .     Faith    .   (helmet restricted)
rPois    .         Spirit   .   P - amulet of the acrobat
rElec    .         Reflect  +   E - +5 ring of intelligence
rCorr    .         Harm     .   x - ring of stealth
MR       +....                  l - +3 ring of evasion
Stlth    +++++++...             n - ring of positive energy
HPRegen  0.22/turn              A - ring of positive energy
MPRegen  0.13/turn              m - ring of protection from magic
                                (no ring)
                                (no ring)

@: very slightly contaminated, slowed, drained, very slow
A: almost no armour, stealthy swim, amphibious, 8 rings, constrict 8, camouflage
1, gelatinous body 1
a: Potion Petition, Call Merchant, Bribe Branch, Renounce Religion


You were on level 10 of the Dungeon.
You worshipped Gozag.
Gozag was pleased with you.
You were not hungry.

You visited 2 branches of the dungeon, and saw 11 of its levels.
You also visited: Sewer.

You collected 1132 gold pieces.
You spent 492 gold pieces at shops.
You paid 111 gold pieces to Gozag.

Inventory:

Hand Weapons
 a - a +2 dagger of electrocution
 b - a +4 scimitar of flaming (weapon)
 i - a +0 hunting sling
 r - a +2 hand axe of distortion {!w}
 t - a +0 rapier
 w - a +0 blowgun {@w1}
Missiles
 c - 36 poisoned needles
 d - 3 curare-tipped needles
 q - 8 needles of sleeping
 G - 319 stones (quivered) {@Q3}
 H - 243 arrows
 I - 41 bolts
 N - 85 sling bullets
 T - 6 javelins of returning {@Q2}
 U - 2 needles of confusion
 V - 6 javelins {@Q2}
 Z - 2 throwing nets {!d , @Q1}
Armour
 h - a +2 buckler of reflection (worn)
Jewellery
 l - a +3 ring of evasion (on tentacle)
 m - a ring of protection from magic (on tentacle)
 n - a ring of positive energy (on tentacle)
 x - a ring of stealth (right tentacle)
 A - a ring of positive energy (on tentacle)
 E - a +5 ring of intelligence (left tentacle)
 P - an amulet of the acrobat (around mantle)
Wands
 j - a wand of enslavement (15)
 k - a wand of random effects (28)
 p - a wand of flame (27) {@v6}
 y - a wand of iceblast (8) {@v4}
Scrolls
 f - a scroll of vulnerability {unknown}
 g - a scroll of holy word {unknown}
 o - a scroll of amnesia {unknown}
 s - a scroll of noise {unknown}
 v - 3 scrolls of enchant weapon {unknown}
 B - 2 scrolls of blinking
 D - a scroll of immolation {unknown}
 F - 2 scrolls of fog
 J - a scroll of teleportation {unknown}
 K - 8 scrolls of remove curse {@r3}
 S - 2 scrolls of magic mapping {unknown}
 X - 5 scrolls of fear
Potions
 u - 2 potions of brilliance
 z - 4 potions of curing {@q1}
 C - 2 potions of agility {@q5}
 L - a potion of cancellation
 O - 7 potions of might {@q4}
 Q - a potion of berserk rage
 R - a potion of invisibility {unknown}
 W - a potion of heal wounds
 Y - 2 potions of magic
Comestibles
 e - 13 rations


   Skills:
 + Level 6.7(5.9) Fighting
 - Level 5.9(5.6) Short Blades
 * Level 3.4(4.4) Long Blades
 - Level 2.0(1.3) Throwing
 * Level 9.2(8.3) Dodging
 + Level 12.8(11.8) Stealth
 + Level 3.5(2.8) Shields
 + Level 3.7(3.0) Evocations


You had 8 spell levels left.
You knew the following spells:

 Your Spells              Type           Power        Failure   Level  Hunger
a - Sticks to Snakes      Tmut           #.......     34%         2    ###....

Your spell library contained the following spells:

 Spells                   Type           Power        Failure   Level  Hunger
 Beastly Appendage        Tmut           #.....       24%         1    ##.....
 Spider Form              Tmut/Pois      #.........   56%         3    ####...
 Ice Form                 Ice/Tmut       #.......     93%         4    #####..
 Blade Hands              Tmut           #.........   100%        5    ######.


Dungeon Overview and Level Annotations

Branches:
Dungeon (10/15)            Temple (1/1) D:6            Lair (0/6) D:8
    Orc: D:9-12

Altars:
Ashenzari
Cheibriados
Dithmenos
Elyvilon
Fedhas
Gozag
Hepliaklqana
Kikubaaqudgha
Makhleb
Nemelex Xobeh
Okawaru
Qazlal
Ru
Sif Muna
Trog
Uskayaw
Vehumet
Wu Jian
Xom
Yredelemnul
Zin
The Shining One

Shops:
D:4 [[=   D:6 }   D:8 [

Annotations:
D:2 Robin
D:4 Ijyb
D:7 exclusion: 4 killer bees
D:10 Gastronok


Innate Abilities, Weirdness & Mutations

You cannot wear most types of armour.
You are very stealthy in the water. (Stealth+)
You are amphibious.
You can wear up to eight rings at the same time.
You can use your tentacles to constrict eight enemies at once.
Your skin changes colour to match your surroundings (Stealth+).
Your rubbery body absorbs attacks. (AC +1, EV +1)


Message History

Confirm with . or Enter, or press ? or * to list all spells.
You create a snake!
You now have 243 arrows.
You now have 7/13 mp.
Casting: Sticks to Snakes (safe; 34% risk of failure)
Confirm with . or Enter, or press ? or * to list all spells.
You miscast Sticks to Snakes.
Your skin glows momentarily.
You now have 5/13 mp.
Casting: Sticks to Snakes (safe; 34% risk of failure)
Confirm with . or Enter, or press ? or * to list all spells.
You miscast Sticks to Snakes.
Your skin tingles.
You now have 3/13 mp.
You swap places.
Gastronok waves his eye-stalks in wide circles.
The air twists around and strikes you!
You take 20 damage, and have 54/74 hp.
MASSIVE DAMAGE!!
You slash Gastronok! You burn Gastronok.
Gastronok is lightly wounded.
Your ball python bites Gastronok but does no damage.
You slash Gastronok! You burn Gastronok.
Gastronok is lightly wounded.
Your ball python bites Gastronok but does no damage.
Gastronok bites you!!
* * * LOW HITPOINT WARNING * * *
You take 26 damage, and have 28/74 hp.
MASSIVE DAMAGE!!
You hit Gastronok. You burn Gastronok.
Gastronok is lightly wounded.
Your ball python bites Gastronok but does no damage.
Gastronok chants a spell, wobbling all the while.
You hit Gastronok. You burn Gastronok.
Gastronok is moderately wounded.
Your ball python bites Gastronok but does no damage. x2
Unknown command.
You feel much better.
Your ball python bites Gastronok.
Gastronok misses you.
You riposte.
You hit Gastronok. You burn Gastronok.
Gastronok is moderately wounded.
You regained 22 hp, and now have 50/74 hp.
You barely miss Gastronok.
Gastronok is moderately wounded.
Your ball python bites Gastronok but does no damage.
The rat barely misses your ball python.
You hit Gastronok. You burn Gastronok.
Gastronok is moderately wounded.
Your ball python bites Gastronok but does no damage.
The rat closely misses your ball python.
You block Gastronok's attack.
Your ball python bites Gastronok.
You hit Gastronok. You burn Gastronok. You squeeze Gastronok.
Gastronok is moderately wounded.
The rat barely misses your ball python.
Your ball python completely misses Gastronok.
You slash Gastronok! You burn Gastronok.
Gastronok is heavily wounded.
Your ball python bites Gastronok.
The rat bites your ball python. Gastronok bites you!!
* * * LOW HITPOINT WARNING * * *
Your ball python bites Gastronok but does no damage.
You take 31 damage, and have 20/74 hp.
MASSIVE DAMAGE!!
You feel much better.
The rat closely misses your ball python.
Your ball python bites Gastronok but does no damage.
Gastronok completely misses you.
You riposte.
You hit Gastronok. You burn Gastronok.
Gastronok is heavily wounded.
You regained 26 hp, and now have 46/74 hp.
You slash Gastronok! You burn Gastronok.
Gastronok is heavily wounded.
The rat misses your ball python.
Your ball python bites Gastronok.
The rat bites your ball python.
Your ball python dies!
You slash Gastronok! You burn Gastronok.
You squeeze Gastronok, but do no damage.
Gastronok is severely wounded.
Gastronok looks at you while chanting.
You feel yourself slow down.
You slash Gastronok! You burn Gastronok. You squeeze Gastronok!
Gastronok is severely wounded.
A phantom comes into view.
The rat barely misses you.
You riposte.
You slash the rat! You burn the rat.
You kill the rat!
The rat's corpse disappears in a puff of smoke!
You block Gastronok's attack.
You completely miss Gastronok.
Gastronok is severely wounded.
The phantom completely misses you. Gastronok closely misses you.
You riposte.
You hit Gastronok. You burn Gastronok.
Gastronok is almost dead.
You slash Gastronok! You burn Gastronok.
Gastronok is almost dead.
The phantom blinks!
Gastronok bites you!!
* * * LOW HITPOINT WARNING * * *
You take 27 damage, and have 20/74 hp.
MASSIVE DAMAGE!!
You hit Gastronok but do no damage. You squeeze Gastronok.
Gastronok is almost dead.
Unknown command.
You hit Gastronok. You burn Gastronok.
Gastronok is almost dead.
The phantom hits you.
* * * LOW HITPOINT WARNING * * *
The phantom blinks!
Gastronok bites you!!
You die...
Your body crumbles into a pile of gold. ████████

███......█ █
██.█.......
.█
█████.....█
█.█ $...
...?.W..w.█
█.███...
█..@§█
█.....
██.█.████..█
█.█......>█
.
█.███████.█
.██..


██▲█ █.█ ... ██...█ █.████.█ ██.....██ █......██ █.......██ ███.█...█
.........████......███ You could see Gastronok and a phantom.

Vanquished Creatures
  Erica (D:8)
  A death yak (D:8)
  Joseph (D:8)
  2 hippogriffs
  A spriggan (D:9)
  Sigmund (D:2)
  2 hungry ghosts
  Menkaure (D:7)
  An orc warrior (D:6)
  2 black bears (D:9)
  A hornet zombie (D:5)
  A phantom (D:9)
  2 sky beasts
  Purgy (D:3)
  2 ice beasts
  2 centaurs
  6 ogres
  2 crocodiles (D:8)
  Blork the orc (D:6)
  3 bullfrogs
  4 scorpions
  5 wights (D:9)
  3 electric eels (D:8)
  2 crimson imps
  2 bullfrog zombies
  A centaur zombie (D:6)
  2 hounds
  3 bullfrog skeletons
  A gnoll shaman (D:3)
  A jelly (D:8)
  5 orc priests
  9 orc wizards
  4 iguanas
  Terence (D:3)
  8 worker ants
  A killer bee zombie (D:5)
  A hound zombie (D:8)
  A hound skeleton (D:6)
  A howler monkey zombie (D:6)
  2 worker ant zombies (D:6)
  A howler monkey skeleton (D:9)
  5 gnolls (D:3)
  2 river rats
  9 adders
  2 shadow imps
  2 oozes
  An adder zombie (D:2)
  An adder skeleton (D:8)
  3 worms
  7 leopard geckos
  31 orcs
  11 giant cockroaches
  8 hobgoblins
  9 jackals
  6 kobolds
  3 quokkas
  7 ball pythons
  10 bats
  16 frilled lizards
  18 goblins
  A jackal skeleton (D:9)
  A quokka zombie (D:9)
  13 rats
  A butterfly (D:6)
259 creatures vanquished.

Notes
Turn   | Place    | Note
-------+----------+-------------------------------------------
     0 | D:1      | Goblin1989 the Octopode Assassin began the quest for the
                  | Orb.
     0 | D:1      | Reached XP level 1. HP: 14/14 MP: 1/1
   214 | D:1      | Reached XP level 2. HP: 12/19 MP: 2/2
   216 | D:1      | Reached skill level 6 in Stealth
   755 | D:1      | Reached XP level 3. HP: 24/24 MP: 3/3
  1115 | D:2      | Reached skill level 7 in Stealth
  1241 | D:2      | Reached XP level 4. HP: 25/29 MP: 4/4
  1653 | D:2      | Noticed Sigmund
  1661 | D:2      | Killed Sigmund
  1661 | D:2      | Reached skill level 9 in Stealth
  1661 | D:2      | Reached XP level 5. HP: 34/34 MP: 5/5
  1712 | D:2      | Noticed Robin
  1850 | D:2      | Reached XP level 6. HP: 33/39 MP: 6/6
  1901 | D:2      | Found a blossoming altar of Fedhas.
  2302 | D:3      | Noticed Purgy
  2306 | D:3      | Killed Purgy
  2511 | D:3      | Found a glowing drain.
  2584 | Sewer    | Entered a sewer
  3239 | D:3      | Noticed Terence
  3245 | D:3      | Killed Terence
  3245 | D:3      | Reached skill level 10 in Stealth
  3266 | D:3      | Found a shattered altar of Ashenzari.
  3333 | D:3      | Reached XP level 7. HP: 19/45 MP: 7/7
  3834 | D:4      | Learned a level 2 spell: Sticks to Snakes
  3858 | D:4      | Found Zef Xitihiq's Jewellery Boutique.
  3881 | D:4      | Found a white marble altar of Elyvilon.
  3920 | D:4      | Found Xewymema's Armour Shoppe.
  3921 | D:4      | Found Eleet's Antique Armour Emporium.
  4321 | D:4      | Noticed Ijyb
  4510 | D:5      | Entered Level 5 of the Dungeon
  4602 | D:5      | Found a bloodstained altar of Trog.
  4775 | D:5      | Reached XP level 8. HP: 42/54 MP: 8/8
  5274 | D:5      | Reached skill level 5 in Dodging
  5872 | D:6      | Found Faunoab's Gadget Boutique.
  5894 | D:6      | Reached skill level 11 in Stealth
  5975 | D:6      | Found a staircase to the Ecumenical Temple.
  5984 | Temple   | Entered the Ecumenical Temple
  6077 | Temple   | Became a worshipper of Gozag Ym Sagoz the Greedy
  6573 | D:6      | Reached XP level 9. HP: 42/59 MP: 9/9
  7196 | D:6      | Noticed Blork the orc
  7418 | D:6      | iamserjio: он изи казни его
  7425 | D:7      | iamserjio: блорка
  7425 | D:7      | iamserjio: даже не проснется tho
  7425 | D:7      | Goblin1989: да лень
  7425 | D:7      | Goblin1989: че там можно найти
  7425 | D:7      | Goblin1989: за ним какой-то алтарь стоит
  7425 | D:7      | Noticed Menkaure
  7426 | D:7      | Reached skill level 5 in Fighting
  7434 | D:6      | iamserjio: золто же T_T
  7592 | D:6      | Goblin1989: лень )))
  7619 | D:7      | iamserjio: лень>жадности
  7626 | D:7      | Found a basalt altar of Yredelemnul.
  7628 | D:7      | Goblin1989: данное выражение истина :)
  7657 | D:7      | Killed Menkaure
  7657 | D:7      | Reached skill level 5 in Short Blades
  7836 | D:7      | iamserjio: менкаур не такой уж страшный чтоб лиг пить lul
  7836 | D:7      | iamserjio: 61 hp же уже
  7836 | D:7      | Goblin1989: он мне одним пейном полхп снес
  8113 | D:7      | Found a burning altar of Makhleb.
  8113 | D:7      | Found a faded altar of an unknown god.
  8120 | D:7      | Found a hazy altar of Hepliaklqana.
  8122 | D:7      | Found an iron altar of Okawaru.
  8124 | D:7      | Found a snail-covered altar of Cheibriados.
  8418 | D:6      | iamserjio: хочу кольца позитива в реале
  8418 | D:6      | Goblin1989: я вчера свое снял, косточки на пальцах большими
                  | стали, еле стянул
  8418 | D:6      | Goblin1989: теперь непозитивный
  8477 | D:8      | Noticed Joseph
  8496 | D:8      | Killed Joseph
  8496 | D:8      | Reached skill level 1 in Shields
  8723 | D:8      | Found Adathaj's Antique Armour Emporium.
  8736 | D:8      | Reached skill level 12 in Stealth
  8750 | D:8      | Bought a glowing buckler for 142 gold pieces
  8822 | D:8      | Noticed Erica
  8841 | D:8      | Killed Erica
  8841 | D:8      | Reached skill level 1 in Evocations
  8841 | D:8      | Reached XP level 10. HP: 39/68 MP: 9/11
  8849 | D:8      | iamserjio: качай длинные
  8891 | D:8      | Goblin1989: сперва короткие до 8
  8995 | D:8      | iamserjio: meh
  9096 | D:8      | iamserjio: чтобы стабать короткие не очень нужны а там вс
                  | таки огненный скмитар
  9096 | D:8      | Goblin1989: ох блин
  9096 | D:8      | Goblin1989: я совсем про него забыл!
  9096 | D:8      | Goblin1989: сейчас подберу
  9177 | D:8      | Found a white marble altar of Elyvilon.
  9177 | D:8      | Found a glowing silver altar of Zin.
  9177 | D:8      | Found a glowing golden altar of the Shining One.
  9242 | D:8      | Found a staircase to the Lair.
  9242 | D:8      | Noticed a death yak
  9246 | D:8      | Goblin1989: ой блин
  9246 | D:8      | iamserjio: да изи
  9246 | D:8      | Goblin1989: стремно-то как
  9278 | D:8      | iamserjio: по одному к воде можно водить и парить
  9299 | D:8      | iamserjio: кураре тоже рорм
  9444 | D:8      | Reached skill level 1 in Long Blades
  9447 | D:8      | iamserjio: на гриффона можно было и не тратить
  9478 | D:8      | iamserjio: руби
  9486 | D:8      | Killed a death yak
  9689 | D:8      | iamserjio: на стелс не нужен фокус
  9689 | D:8      | iamserjio: и если еще есть колца стелса можно купить
  9689 | D:8      | Goblin1989: это был мисклик
  9689 | D:8      | iamserjio: я бы на лонги фокус
  9689 | D:8      | Goblin1989: я два раза m нажал просто
  9689 | D:8      | iamserjio: бывает
  9689 | D:8      | Goblin1989: лан, мне идти нужно, сына забирать из садика и
                  | домой топать.
  9767 | D:4      | Bought an uncursed ring of protection from magic for 350
                  | gold pieces
  9829 | D:6      | Found a deep blue altar of Sif Muna.
  9831 | D:6      | Killed Blork the orc
 10252 | D:9      | Found a shadowy altar of Dithmenos.
 10702 | D:9      | Reached XP level 11. HP: 65/74 MP: 11/13
 10751 | D:10     | Entered Level 10 of the Dungeon
 10808 | D:10     | Noticed Gastronok
 10834 | D:10     | Demolished by Gastronok

Skill      XL: |  1  2  3  4  5  6  7  8  9 10 |
---------------+-------------------------------+-----
Stealth        | 6 7 9 10 11 12 | 12.8
Dodging        | 2 4 6 8 9 |  9.2
Fighting       | 3 4 6 |  6.7
Short Blades   | 3 4 5 |  5.9
Shields        | 2 3 |  3.5
Evocations     | 1 3 |  3.7
Long Blades    | 3 |  3.4
Throwing       | |  2.0

Action                   |  1- 3 |  4- 6 |  7- 9 | 10-12 || total
-------------------------+-------+-------+-------+-------++-------
Melee: Dagger            |    57 |   115 |   232 |    11 ||   415
       Constrict         |    11 |    32 |    45 |    17 ||   105
       Tentacles         |     8 |    21 |    30 |    28 ||    87
       Scimitar          |       |       |       |   101 ||   101
 Fire: Blowgun           |       |     6 |    26 |     4 ||    36
Throw: Stone             |       |     1 |       |     1 ||     2
 Cast: Sticks to Snakes  |       |       |       |     2 ||     2
Evoke: Wand              |       |       |     3 |    10 ||    13
  Use: Scroll            |       |     9 |     1 |     3 ||    13
       Potion            |       |       |     2 |     2 ||     4
 Stab: Sleeping          |    17 |    18 |    33 |    18 ||    86
       Distracted        |     1 |     2 |     6 |     2 ||    11
       Confused          |       |       |     1 |       ||     1
  Eat: Chunk             |     1 |     6 |     9 |       ||    16
       Ration            |       |       |     3 |     2 ||     5
Armor: Skin              |       |     2 |     8 |     1 ||    11
Dodge: Dodged            |    28 |    75 |   134 |    67 ||   304
Block: Buckler           |       |       |     3 |    18 ||    21
       Rpst.: Scimitar   |       |       |       |    20 ||    20

Vault maps used:
D:1:      minmay_arrival_wavy_path, minmay_misc_feat_x, minmay_pentomino_p4
D:2:      marbit_many_paths, uniq_robin, uniq_sigmund
D:3:      portal_sewer_entry_a, ashenzari_altar_1, uniq_purgy, uniq_terence
D:4:      kennysheep_the_goblin_king, serial_shops, shop,
          nicolae_shop_waterfront, nicolae_shop_crystal, first_ration,
          minmay_misc_feat_chi, solitary_fountain, elyvilon_altar_1
D:5:      bloody_trog, lightli_corner_chamber
D:6:      tgw_sif, minmay_temple_entry_butterflies, serial_shops, shop
D:7:      yredelemnul_altar_generic, chequers_temple_overflow_minitemple,
          uniq_menkaure
D:8:      kennysheep_big_flooded_room, good_gods_mini_temple,
          david_lair_generic, serial_shops, nicolae_shop_stone, uniq_erica,
          uniq_joseph
D:9:      nicolae_dithmenos_shadow_blocks, grunt_pizzeria
D:10:     basic_altar, st_stairs_6, uniq_gastronok, uniq_sonja, uniq_snorg,
          uniq_psyche
Temple:   compressed_dpeg_circular_temple
Sewer:    sewer_co_cracked_pipes
